 Dungeon Crawl Stone Soup version 0.30-a0-918-g0ff054e9dc (webtiles) character file.

Game seed: 9849813024138197343

38 BlueFish the Insei (level 3, -1/23 HPs)
             Began as an Octopode Transmuter on Mar 21, 2023.
             Slain by a kobold
             ... wielding a +0 short sword
              (5 damage)
             ... on level 2 of the Dungeon.
             The game lasted 00:01:47 (1160 turns).

BlueFish the Insei (Octopode Transmuter)            Turns: 1160, Time: 00:01:48

Health: -1/23      AC:  1    Str: 11    XL:     3   Next: 43%
Magic:  5/6        EV: 13    Int: 15    God:
Gold:   86         SH:  0    Dex: 12    Spells: 0/6 levels left

rFire   . . .      SeeInvis .      - Unarmed
rCold   + . .      Faith    .    (no shield)
rNeg    . . .      Spirit   .    (helmet currently unavailable)
rPois   .          Reflect  .    (no amulet)
rElec   .          Rampage  .    c - ring of protection from cold
rCorr   .                        (no ring)
Will    .....                    (no ring)
Stlth   +++                      (no ring)
HPRegen 0.23/turn                (no ring)
MPRegen 0.10/turn                (no ring)
                                 (no ring)
                                 (no ring)

@: appendages
A: tentacle spike 3, almost no armour, amphibious, 8 rings, camouflage 1,
gelatinous body 1, (nimble swimmer 1), tentacles
a: End Transformation


You were on level 2 of the Dungeon.
One of your tentacles had grown a beastly spike.
You visited 1 branch of the dungeon, and saw 2 of its levels.

You collected 86 gold pieces.

Inventory:

Missiles
 d - 6 poisoned darts
 g - 6 curare-tipped darts
Jewellery
 c - a ring of protection from cold (left tentacle)
Scrolls
 b - 2 scrolls of identify {unknown}
 e - a scroll of fog {unknown}
 f - a scroll of magic mapping {unknown}
Potions
 a - a potion of lignification
 h - a potion of curing {unknown}


   Skills:
 + Level 1.4 Fighting
 + Level 2.2 Dodging
 * Level 2.4 Stealth
 + Level 3.2 Unarmed Combat
 + Level 2.2 Spellcasting
 + Level 2.2 Transmutations


You couldn't memorise any spells.
You knew the following spells:

 Your Spells              Type           Power      Damage    Failure   Level
a - Beastly Appendage     Tmut           16%        N/A       9%          1
b - Wereblood             Tmut           8%         N/A       13%         2
c - Spider Form           Tmut/Pois      5%         N/A       38%         3

Your spell library contained the following spells:

 Spells                   Type           Power      Damage    Failure   Level
 Call Canine Familiar     Summ           1%         N/A       54%         3
 Portal Projectile        Hex/Tloc       2%         N/A       54%         3
 Stone Arrow              Conj/Erth      2%         3d7       54%         3
 Ice Form                 Ice/Tmut       5%         N/A       80%         4
 Leda's Liquefaction      Hex/Erth       0%         N/A       91%         4
 Lehudib's Crystal Spear  Conj/Erth      0%         10d2      100%        8
 Animate Armour           Summ/Erth      Unusable   N/A       N/A         4

Dungeon Overview and Level Annotations

Branches:
Dungeon (2/15)

Altars:

Shops:
D:1 ?:?[


Innate Abilities, Weirdness & Mutations

One of your tentacles has grown a beastly spike.
You cannot wear most types of armour.
You are amphibious.
You can wear up to eight rings at the same time.
Your skin changes colour to match your surroundings (Stealth+).
Your rubbery body absorbs attacks. (AC +1, EV +1)
((You are camouflaged when in or above water. (Stealth+)))
You have tentacles for arms and can constrict up to eight enemies at once.


Message History

Found 7 stones.
The bat hits you but does no damage.
You closely miss the bat. Your grab misses the bat.
Your squeeze misses the bat. The bat barely misses you.
You tentacle-slap the bat.
You kill the bat!
No target in view!
Found a stone staircase leading down.
A kobold comes into view. It is wielding a +0 short sword.
A kobold comes into view. It is wielding a +0 short sword.
The helpless kobold fails to defend itself.
You tentacle-slap the kobold.
You kill the kobold!
An adder comes into view.
The kobold shouts!
The kobold hits you with a +0 short sword.
You completely miss the kobold.
The adder hisses angrily.
Your grab misses the kobold. Your squeeze misses the kobold.
The kobold hits you with a +0 short sword.
You barely miss the kobold. Your grab misses the kobold. The kobold misses you.
You barely miss the kobold. Your grab misses the kobold.
The kobold hits you with a +0 short sword.
Casting: Beastly Appendage (safe; 9% risk of failure)
Confirm with . or Enter, or press ? or * to list all spells.
One of your tentacles grows a vicious spike.
The kobold hits you with a +0 short sword.
The adder bites you but does no damage.
You closely miss the adder. Your grab misses the adder. The kobold misses you.
The adder barely misses you.
You tentacle-slap the adder. Your grab misses the adder.
The adder is heavily wounded.
The adder bites you.
The kobold hits you with a +0 short sword.
You miss the adder. Your grab misses the adder.
Your tentacle spike misses the adder.
The adder is heavily wounded.
The adder bites you.
* * * LOW HITPOINT WARNING * * *
The kobold hits you with a +0 short sword.
You die...

##.## ### #>...
.. ...# ..
#(#########.. #.
#..##.......#
#..
##.....#####.#
#.##..#..### #.#
#.##.K#.###...##
#.# #....S@.#
###..###.#
##..###)..#
##...#.# ## #
###..#
###.#.##..
#.#####.#.#...
....#.......#
##....#.##.#
##.........#
#.......####
.....#...####


You could see an adder and a kobold.

Vanquished Creatures
  A dart slug (D:1)
  6 endoplasms (D:1)
  A giant cockroach (D:1)
  3 goblins (D:1)
  3 hobgoblins
  4 jackals (D:1)
  3 quokkas (D:1)
  2 ball pythons
  2 bats
  A frilled lizard (D:1)
  A kobold (D:2)
  3 rats (D:1)
30 creatures vanquished.

Notes
Turn   | Place    | Note
-------+----------+-------------------------------------------
     0 | D:1      | BlueFish the Octopode Transmuter began the quest for the
                  | Orb.
     0 | D:1      | Reached XP level 1. HP: 13/13 MP: 3/3
     8 | D:1      | Found Raosuig's Book Boutique.
   262 | D:1      | Found Cuuczyhu's Magic Scroll Emporium.
   265 | D:1      | Reached skill level 1 in Stealth
   265 | D:1      | Reached XP level 2. HP: 15/18 MP: 3/5
   599 | D:1      | Found Qiurhau's Magic Scroll Shop.
   601 | D:1      | Found Wozxyumiu's Antique Armour Emporium.
   605 | D:1      | Reached XP level 3. HP: 21/23 MP: 6/6
   616 | D:1      | Learned a level 2 spell: Wereblood
   620 | D:1      | Learned a level 3 spell: Spider Form
  1160 | D:2      | Slain by a kobold

Illustrated notes

Levels and vault maps discovered:
D:1:      onia_arrival_pyramid, layout_basic, serial_aquarium,
          aquarium_bridge_square [aquarium_subvault_window,
          aquarium_subvault_bridge, aquarium_subvault_window,
          aquarium_subvault_bridge], aquarium_window_corridor_3,
          aquarium_window_double, aquarium_window_fake, aquarium_window_2,
          aquarium_view_2d, aquarium_view_2b, aquarium_pool_2, serial_shops,
          shop, shop, shop, shop_fountains, kennysheep_small_spiral,
          st_stairs_2, chequers_serial_rivers_large_b
D:2:      layout_rooms

Skill      XL: |  1  2 |
---------------+-------+-----
Stealth        | 1 2 |  2.4
Fighting       | |  1.4
Dodging        | |  2.2
Unarmed Combat | |  3.2
Spellcasting   | |  2.2
Transmutations | |  2.2

Action                     || total
---------------------------++-------
  Melee: Unarmed           ||    64
         Constrict         ||    14
         Tentacles         ||     8
         Kick              ||     4
         Punch             ||     1
   Cast: Beastly Appendage ||     3
   Stab: Sleeping          ||     9
 Armour: Skin              ||    10
  Dodge: Dodged            ||    39

Table legend: (Time is in decaauts)
 A = Elapsed time spent in this place.
 B = Non-inter-level travel time spent in this place.
 C = Inter-level travel time spent in this place.
 D = Time resting spent in this place.
 E = Time spent auto-exploring this place.
 F = Levels seen in this place.
 G = Mean time per level.
                   A        B        C        D        E       F      G
               +--------+--------+--------+--------+--------+-----+--------+
         Total |   1156 |   1119 |     37 |      0 |    894 |   2 |  578.0 |
       Dungeon |   1156 |   1119 |     37 |      0 |    894 |   2 |  578.0 |
               +--------+--------+--------+--------+--------+-----+--------+

Top non-repeatable levels by time:
     D:1: 1101 daAuts
     D:2: 55 daAuts
